APP
SAN FRANCISCO (APP) GIANTS @ MISSOULA OSPREY
09/11/2046
 
TOP OF THE 1ST
San Francisco (APP) Giants batting - Pitching for Missoula Osprey : RHP John Meyer
Pitching: RHP John Meyer
Batting: RHB Ryan Bentz 0-0: Called Strike
0-1: Called Strike
0-2: Ball
1-2: Foul Ball, location: 2F
1-2: SINGLE (Groundball, 4M, EV 106.2 MPH) (infield hit)
Batting: LHB Steve Nevis 0-0: Ball
Ryan Bentz steals 2nd, throwing error, E2
Ryan Bentz to third
1-0: Ball
2-0: Ball
3-0: Called Strike
3-1: Foul Ball, location: 2F
3-2: Base on Balls
Batting: RHB Brian Rogers 0-0: Ball
Steve Nevis is caught stealing 2nd base 2-4
1-0: Called Strike
1-1: Ground out 6-3 (Groundball, 6, EV 103.8 MPH)
Ryan Bentz scores
Batting: RHB Troy Trice 0-0: Called Strike
0-1: Swinging Strike
0-2: Ball
1-2: Fly out, F8 (Flyball, 8LD, EV 81.2 MPH)
Top of the 1st over - 1 run, 1 hit, 1 error, 0 left on base; San Francisco (APP) 1 - Missoula 0
BOTTOM OF THE 1ST
Missoula Osprey batting - Pitching for San Francisco (APP) Giants : RHP Kenjyu Watanabe
Pitching: RHP Kenjyu Watanabe
Batting: RHB Edwin Romero 0-0: Ball
1-0: Ball
2-0: Foul Ball, location: 2F
2-1: Ball
3-1: Base on Balls
Batting: RHB Orlando Florez 0-0: Called Strike
0-1: Called Strike
0-2: Ball
1-2: Strikes out swinging
Batting: SHB Ed Vargas 0-0: Ball
1-0: Ball
2-0: Grounds into double play, 6-4-3 (Groundball, 6, EV 105.6 MPH)
Bottom of the 1st over - 0 runs, 0 hits, 0 errors, 0 left on base; San Francisco (APP) 1 - Missoula 0
TOP OF THE 2ND
San Francisco (APP) Giants batting - Pitching for Missoula Osprey : RHP John Meyer
Batting: LHB Takaaki Nishimoto 0-0: Ball
1-0: SINGLE (Flyball, 8LM, EV 93.8 MPH)
Batting: RHB Billy Pranger 0-0: Ball
1-0: Swinging Strike
1-1: Called Strike
1-2: Grounds into double play, 6-4-3 (Groundball, 6, EV 94.4 MPH)
Batting: RHB Bob Schweiger 0-0: Ball
1-0: Fly out, F8 (Line Drive, 8RM, EV 91.2 MPH)
Top of the 2nd over - 0 runs, 1 hit, 0 errors, 0 left on base; San Francisco (APP) 1 - Missoula 0
BOTTOM OF THE 2ND
Missoula Osprey batting - Pitching for San Francisco (APP) Giants : RHP Kenjyu Watanabe
Batting: RHB Mike Swift 0-0: Ball
1-0: SOLO HOME RUN (Flyball, 9D, EV 96.9 MPH), Distance : 350 ft
Batting: LHB Josh Thomas 0-0: Ball
1-0: Ball
2-0: Ball
3-0: Base on Balls
Batting: RHB Daniel Rivera 0-0: Foul Ball, location: 2F
0-1: Foul Ball, location: 2F
0-2: Ball
1-2: Fielders Choice at 2nd, 5-4 (Groundball, 56, EV 90.0 MPH)
Batting: SHB Ethan Newby 0-0: Called Strike
0-1: Ball
Daniel Rivera steals 2nd base
1-1: Ground out U3 (Groundball, 3S, EV 89.4 MPH)
Daniel Rivera to third
Batting: RHB Zach Espinosa 0-0: Ground out 1-3 (Groundball, 13, EV 70.0 MPH)
Bottom of the 2nd over - 1 run, 1 hit, 0 errors, 1 left on base; San Francisco (APP) 1 - Missoula 1
TOP OF THE 3RD
San Francisco (APP) Giants batting - Pitching for Missoula Osprey : RHP John Meyer
Batting: RHB Josh Truell 0-0: Called Strike
0-1: Ball
1-1: Ball
2-1: Ball
3-1: Foul Ball, location: 2F
3-2: Foul Ball, location: 2F
3-2: Base on Balls
Batting: RHB Zach Maguire 0-0: Fielders Choice at 2nd, 6-4 (Groundball, 6, EV 80.0 MPH)
Batting: RHB Ryan Bentz 0-0: Called Strike
Zach Maguire steals 2nd base
0-1: Foul Ball, location: 2F
0-2: Foul Ball, location: 2F
0-2: Ground out 4-3 (Groundball, 34, EV 103.1 MPH)
Zach Maguire to third
Batting: LHB Steve Nevis 0-0: Ball
1-0: Hit by Pitch
Batting: RHB Brian Rogers 0-0: Foul Ball, location: 2F
0-1: Foul Ball, location: 2F
0-2: Ball
1-2: Ball
2-2: Ball
3-2: DOUBLE (Line Drive, 8RXD, EV 110.6 MPH)
Zach Maguire scores
Steve Nevis to third
Steve Nevis scores
Batting: RHB Troy Trice 0-0: Ball
1-0: Foul Ball, location: 2F
1-1: Ground out 2-3 (Groundball, 2R, EV 61.9 MPH)
Top of the 3rd over - 2 runs, 1 hit, 0 errors, 1 left on base; San Francisco (APP) 3 - Missoula 1
BOTTOM OF THE 3RD
Missoula Osprey batting - Pitching for San Francisco (APP) Giants : RHP Kenjyu Watanabe
Batting: RHB Matt Bailey 0-0: Swinging Strike
0-1: Ground out 4-3 (Groundball, 4D, EV 86.9 MPH)
Batting: RHB Edwin Romero 0-0: Ball
1-0: Ball
2-0: Ball
3-0: Foul Ball, location: 2F
3-1: Base on Balls
Batting: RHB Orlando Florez 0-0: Ball
1-0: Called Strike
1-1: Called Strike
Edwin Romero steals 2nd base
1-2: SINGLE (Groundball, 34D, EV 100.6 MPH)
Edwin Romero to third
Runner from 3rd tries for Home, SAFE, throw by RF to home
Batting: SHB Ed Vargas 0-0: Ball
1-0: Called Strike
1-1: Swinging Strike
1-2: Foul Ball, location: 2F
1-2: Ball
2-2: Reached on error, E3 (Groundball, 3S, EV 83.8 MPH)
Orlando Florez to second
Batting: RHB Mike Swift 0-0: Ball
1-0: Ball
2-0: Ball
3-0: Called Strike
3-1: Called Strike
3-2: Base on Balls
Orlando Florez to third
Ed Vargas to second
Batting: LHB Josh Thomas 0-0: Ball
1-0: Ball
2-0: Ball
3-0: Base on Balls
Orlando Florez scores
Ed Vargas to third
Mike Swift to second
Batting: RHB Daniel Rivera 0-0: Ball
1-0: DOUBLE (Flyball, 8RXD, EV 110.0 MPH)
Ed Vargas scores
Mike Swift scores
Josh Thomas to third
Batting: SHB Ethan Newby 0-0: Foul Ball, location: 2F
0-1: Ball
1-1: Ball
2-1: Foul Ball, location: 2F
2-2: SINGLE (Flyball, 8RS, EV 90.6 MPH)
Josh Thomas scores
Daniel Rivera to third
Runner from 3rd tries for Home, SAFE, throw by CF to home
Pitching: RHP Sam Drews
Batting: RHB Zach Espinosa 0-0: Called Strike
0-1: Ball
1-1: Ball
2-1: Fly out, F8 (Flyball, 8RD, EV 105.6 MPH)
Batting: RHB Matt Bailey 0-0: Called Strike
0-1: Ball
1-1: Ground out 5-3 (Groundball, 56S, EV 86.9 MPH)
Bottom of the 3rd over - 6 runs, 3 hits, 1 error, 1 left on base; San Francisco (APP) 3 - Missoula 7
TOP OF THE 4TH
San Francisco (APP) Giants batting - Pitching for Missoula Osprey : RHP John Meyer
Batting: LHB Takaaki Nishimoto 0-0: Called Strike
0-1: SOLO HOME RUN (Flyball, 9LD, EV 93.1 MPH), Distance : 327 ft
Batting: RHB Billy Pranger 0-0: Ball
1-0: Swinging Strike
1-1: Foul Ball, location: 2F
1-2: Foul Ball, location: 2F
1-2: Foul Ball, location: 2F
1-2: Strikes out swinging
Batting: RHB Bob Schweiger 0-0: Foul Ball, location: 2F
0-1: Ball
1-1: Called Strike
1-2: Foul Ball, location: 2F
1-2: Strikes out swinging
Batting: RHB Josh Truell 0-0: Called Strike
0-1: Foul Ball, location: 2F
0-2: Fly out, F4 (Flyball, 4D, EV 86.9 MPH)
Top of the 4th over - 1 run, 1 hit, 0 errors, 0 left on base; San Francisco (APP) 4 - Missoula 7
BOTTOM OF THE 4TH
Missoula Osprey batting - Pitching for San Francisco (APP) Giants : RHP Sam Drews
Batting: RHB Edwin Romero 0-0: Foul Ball, location: 2F
0-1: Swinging Strike
0-2: Foul Ball, location: 2F
0-2: Ball
1-2: Ground out 5-3 (Groundball, 5S, EV 76.9 MPH)
Batting: RHB Orlando Florez 0-0: Ball
1-0: Fly out, F9 (Flyball, 9S, EV 82.5 MPH)
Batting: SHB Ed Vargas 0-0: Called Strike
0-1: Foul Ball, location: 2F
0-2: DOUBLE (Flyball, 7LD, EV 105.6 MPH)
Batting: RHB Mike Swift 0-0: Ball
1-0: Foul Ball, location: 2F
1-1: Foul Ball, location: 2F
1-2: DOUBLE (Line Drive, 78XD, EV 101.9 MPH)
Ed Vargas scores
Batting: LHB Josh Thomas 0-0: Foul Ball, location: 2F
0-1: Foul Ball, location: 2F
0-2: Ball
1-2: Ball
2-2: Foul Ball, location: 2F
2-2: Ground out U3 (Groundball, 34S, EV 87.5 MPH)
Bottom of the 4th over - 1 run, 2 hits, 0 errors, 1 left on base; San Francisco (APP) 4 - Missoula 8
TOP OF THE 5TH
San Francisco (APP) Giants batting - Pitching for Missoula Osprey : RHP John Meyer
Batting: RHB Zach Maguire 0-0: Ball
1-0: Ball
2-0: Ground out 6-3 (Groundball, P, EV 95.6 MPH)
Pitching: RHP Vinny Segura
Batting: RHB Ryan Bentz 0-0: Foul Ball, location: 2F
0-1: Ball
1-1: SINGLE (Groundball, 6S, EV 65.6 MPH) (infield hit)
Batting: LHB Steve Nevis 0-0: Called Strike
Ryan Bentz steals 2nd base (no throw)
0-1: Ball
1-1: Ball
2-1: 2-RUN HOME RUN (Line Drive, 89XD, EV 97.5 MPH), Distance : 386 ft
Batting: RHB Brian Rogers 0-0: Ball
1-0: Ball
2-0: Called Strike
2-1: Ball
3-1: SINGLE (Line Drive, 6M, EV 94.4 MPH)
Batting: RHB Troy Trice 0-0: Fly out, F7 (Flyball, 78S, EV 78.8 MPH)
Batting: LHB Takaaki Nishimoto 0-0: Ball
1-0: Foul Ball, location: 2F
1-1: Called Strike
1-2: Foul Ball, location: 2F
1-2: SINGLE (Line Drive, 78M, EV 94.4 MPH)
Brian Rogers to second
Runner from 2nd tries for 3rd, SAFE, throw by LF made to third
Batting: RHB Billy Pranger 0-0: Called Strike
0-1: Ball
Wild Pitch!
Brian Rogers scores
Takaaki Nishimoto to second
1-1: Ball
2-1: Reached on error, E5 (Groundball, 56, EV 87.5 MPH)
Takaaki Nishimoto to third
Batting: RHB Bob Schweiger 0-0: Called Strike
0-1: Ball
1-1: Swinging Strike
1-2: Ball
2-2: Strikes out swinging
Top of the 5th over - 3 runs, 4 hits, 1 error, 2 left on base; San Francisco (APP) 7 - Missoula 8
BOTTOM OF THE 5TH
Missoula Osprey batting - Pitching for San Francisco (APP) Giants : RHP Sam Drews
Pitching: RHP Danny MacKinnon
Batting: RHB Daniel Rivera 0-0: Ball
1-0: Foul Ball, location: 2F
1-1: Called Strike
1-2: Strikes out swinging
Batting: SHB Ethan Newby 0-0: Fly out, F9 (Flyball, 89D, EV 86.9 MPH)
Batting: RHB Zach Espinosa 0-0: Ball
1-0: Swinging Strike
1-1: Foul Ball, location: 2F
1-2: Ball
2-2: Strikes out looking
Bottom of the 5th over - 0 runs, 0 hits, 0 errors, 0 left on base; San Francisco (APP) 7 - Missoula 8
TOP OF THE 6TH
San Francisco (APP) Giants batting - Pitching for Missoula Osprey : RHP Vinny Segura
Pitching: LHP Cory Youngquist
Batting: RHB Josh Truell 0-0: Foul Ball, location: 2F
0-1: Ground out 3-1 (Groundball, 34S, EV 80.6 MPH)
Batting: RHB Zach Maguire 0-0: Swinging Strike
0-1: Ball
1-1: Ball
2-1: Swinging Strike
2-2: Strikes out swinging
Batting: RHB Ryan Bentz 0-0: Ball
1-0: Ground out 6-3 (Groundball, 56, EV 76.9 MPH)
Top of the 6th over - 0 runs, 0 hits, 0 errors, 0 left on base; San Francisco (APP) 7 - Missoula 8
BOTTOM OF THE 6TH
Missoula Osprey batting - Pitching for San Francisco (APP) Giants : RHP Danny MacKinnon
Batting: RHB Matt Bailey 0-0: Swinging Strike
0-1: Ball
1-1: Foul Ball, location: 2F
1-2: Ball
2-2: Ball
3-2: DOUBLE (Line Drive, 78XD, EV 105.6 MPH)
Batting: RHB Edwin Romero 0-0: Foul Ball, location: 2F
0-1: SINGLE (Groundball, 5S, EV 72.5 MPH) (infield hit)
Matt Bailey to third
Batting: RHB Orlando Florez 0-0: Ball
Edwin Romero is caught stealing 2nd base 2-4
1-0: Fly out, F9 (Line Drive, 89M, EV 92.5 MPH)
Batting: SHB Ed Vargas 0-0: Intentional Walk
Pitching: RHP Harry Dickson
Batting: RHB Mike Swift 0-0: Ball
1-0: 3-RUN HOME RUN (Flyball, 89XD, EV 110.6 MPH), Distance : 403 ft
Batting: LHB Josh Thomas 0-0: Ball
1-0: Ball
2-0: Foul Ball, location: 2F
2-1: Swinging Strike
2-2: Strikes out swinging
Bottom of the 6th over - 3 runs, 3 hits, 0 errors, 0 left on base; San Francisco (APP) 7 - Missoula 11
TOP OF THE 7TH
San Francisco (APP) Giants batting - Pitching for Missoula Osprey : LHP Cory Youngquist
Batting: LHB Steve Nevis 0-0: Ball
1-0: Foul Ball, location: 2F
1-1: Ball
2-1: Foul Ball, location: 2F
2-2: SINGLE (Groundball, 6M, EV 103.1 MPH) (infield hit)
Batting: RHB Brian Rogers 0-0: Ball
1-0: Swinging Strike
1-1: Ball
2-1: Foul Ball, location: 2F
2-2: Strikes out swinging
Batting: RHB Troy Trice 0-0: Ball
1-0: Ball
2-0: Foul Ball, location: 2F
2-1: Foul Ball, location: 2F
2-2: Foul Ball, location: 2F
2-2: 2-RUN HOME RUN (Flyball, 89XD, EV 97.5 MPH), Distance : 385 ft
Batting: LHB Takaaki Nishimoto 0-0: Called Strike
0-1: Ball
1-1: Ball
2-1: Ground out U3 (Groundball, 3S, EV 70.0 MPH)
Batting: RHB Billy Pranger 0-0: Foul Ball, location: 2F
0-1: Swinging Strike
0-2: Foul Ball, location: 2F
0-2: Ball
1-2: Ball
2-2: Strikes out swinging, 2-3 out at first.
Top of the 7th over - 2 runs, 2 hits, 0 errors, 0 left on base; San Francisco (APP) 9 - Missoula 11
BOTTOM OF THE 7TH
Missoula Osprey batting - Pitching for San Francisco (APP) Giants : RHP Harry Dickson
Batting: RHB Daniel Rivera 0-0: Called Strike
0-1: Ball
1-1: Ball
2-1: Called Strike
2-2: TRIPLE (Line Drive, 7LD, EV 106.2 MPH)
Batting: SHB Ethan Newby 0-0: Intentional Walk
Batting: RHB Zach Espinosa 0-0: Fly out, F3 (Popup, 3S, EV 74.4 MPH)
Batting: RHB Matt Bailey 0-0: Called Strike
0-1: Ball
1-1: Grounds into double play, 4-6-3 (Groundball, 4, EV 89.4 MPH)
Bottom of the 7th over - 0 runs, 1 hit, 0 errors, 1 left on base; San Francisco (APP) 9 - Missoula 11
TOP OF THE 8TH
San Francisco (APP) Giants batting - Pitching for Missoula Osprey : LHP Cory Youngquist
Batting: RHB Bob Schweiger 0-0: Called Strike
0-1: Fly out, F8 (Flyball, 8RM, EV 94.4 MPH)
Batting: RHB Josh Truell 0-0: Swinging Strike
0-1: Ground out 6-3 (Groundball, 6, EV 102.5 MPH)
Batting: RHB Zach Maguire 0-0: Called Strike
0-1: Fly out, F9 (Flyball, 9LM, EV 80.6 MPH)
Top of the 8th over - 0 runs, 0 hits, 0 errors, 0 left on base; San Francisco (APP) 9 - Missoula 11
BOTTOM OF THE 8TH
Missoula Osprey batting - Pitching for San Francisco (APP) Giants : RHP Harry Dickson
Batting: RHB Edwin Romero 0-0: Ball
1-0: Ground out 5-3 (Groundball, 56S, EV 92.5 MPH)
Batting: RHB Orlando Florez 0-0: Ball
1-0: Called Strike
1-1: Called Strike
1-2: Strikes out looking
Batting: SHB Ed Vargas 0-0: Ball
1-0: Ball
2-0: SOLO HOME RUN (Flyball, 9LD, EV 90.6 MPH), Distance : 350 ft
Batting: RHB Mike Swift 0-0: Called Strike
0-1: Swinging Strike
0-2: Ball
1-2: Strikes out swinging
Bottom of the 8th over - 1 run, 1 hit, 0 errors, 0 left on base; San Francisco (APP) 9 - Missoula 12
TOP OF THE 9TH
San Francisco (APP) Giants batting - Pitching for Missoula Osprey : LHP Cory Youngquist
Pitching: RHP Moises Baez
Batting: RHB Ryan Bentz 0-0: Called Strike
0-1: Ball
1-1: Ball
2-1: Foul Ball, location: 2F
2-2: Ball
3-2: Base on Balls
Batting: LHB Steve Nevis 0-0: Ball
1-0: Ball
2-0: Fielders Choice at 2nd, 6-4 (Groundball, 6, EV 89.4 MPH)
Batting: RHB Brian Rogers 0-0: Ball
1-0: Called Strike
1-1: Fly out, F8 (Line Drive, 8LD, EV 84.4 MPH)
Batting: RHB Troy Trice 0-0: Ground out 4-3 (Groundball, 34, EV 81.9 MPH)
Top of the 9th over - 0 runs, 0 hits, 0 errors, 1 left on base; San Francisco (APP) 9 - Missoula 12
Tuesday, September 13th , 2022 - OOTP Baseball 23.7 Build 88